Match 31248782
Unlisted

Match 31248782
End
Construct Barracks
Engineer Squad
Riflemen Squad
Riflemen Squad
Grenade Package
Selects Special Operations Battlegroup
Selects M29 Weasel with M1 Pack Howitzer
M29 Weasel with M1 Pack Howitzer
Selects Raiding Flares
Riflemen Squad
Construct Medical Station
Riflemen Squad
Mortar Pit
Infantry Support Center
Construct Tank Depot
M4(105) Sherman Bulldozer
Selects SSF Commando Squad
Selects P-47 Anti-Infantry Loiter
Selects UNKNOWN (2162291)
M4A1 Sherman Whizbang
M1918 Browning Automatic Rifles
Munitions Surplus
M18 Hellcat Tank Destroyer
P-47 Anti-Infantry Loiter
Raiding Flares
Survival Training
Raiding Flares
SSF Commando Squad
P-47 Anti-Infantry Loiter
Demolitions Package
Construct Motor Pool
M1 Anti-tank Gun Team
M1 Anti-tank Gun Team
Raiding Flares
Engineer Squad
M18 Hellcat Tank Destroyer
P-47 Anti-Infantry Loiter
Riflemen Squad
Raiding Flares
P-47 Anti-Infantry Loiter
Riflemen Squad
Riflemen Squad
Raiding Flares
Riflemen Squad
Nukepapa
HZB
StatusQuoMSK
Centurion
0
0

Comments sign in to comment!

No comments posted yet!